 Dungeon Crawl Stone Soup version 0.25-a0-890-g62861fb (webtiles) character file.

Game seed: 16175212020634387390, levelgen mode: deterministic

16 Faca the Vandal (level 2, -3/20 HPs)
             Began as a Halfling Hunter on May 6, 2020.
             Slain by a leopard gecko (4 damage)
             ... on level 1 of the Dungeon.
             The game lasted 00:01:37 (970 turns).

Faca the Vandal (Halfling Hunter)                    Turns: 970, Time: 00:01:37

Health: -3/20      AC:  3    Str: 13    XL:     2   Next: 75%
Magic:  2/2        EV: 14    Int:  9    God:
Gold:   14         SH:  0    Dex: 14    Spells: 1/1 levels left

rFire    . . .     SeeInvis .   b - +0 short sword
rCold    . . .     Gourm    .   (shield restricted)
rNeg     . . .     Faith    .   c - +0 leather armour
rPois    .         Spirit   .   (no helmet)
rElec    .         Reflect  .   (no cloak)
rCorr    .         Harm     .   (no gloves)
MR       .....                  (no boots)
Stlth    +.........             (no amulet)
HPRegen  0.06/turn              (no ring)
MPRegen  0.08/turn              (no ring)

@: no status effects
A: small, mutation resistance 1
a: no special abilities


You were on level 1 of the Dungeon.
You were not hungry.

You visited 1 branch of the dungeon, and saw 1 of its levels.

You collected 14 gold pieces.

Inventory:

Hand Weapons
 a - a +1 hunting sling
 b - a +0 short sword (weapon)
Missiles
 d - 20 sling bullets
 i - 33 stones (quivered)
Armour
 c - a +0 leather armour (worn)
Scrolls
 e - a scroll of teleportation {unknown}
 k - a scroll of fear {unknown}
 l - 2 scrolls of remove curse {unknown}
Potions
 g - a potion of haste {unknown}
 h - a potion of cancellation {unknown}
 j - a potion of stabbing {unknown}
 m - a potion of magic {unknown}
Comestibles
 f - a ration


   Skills:
 + Level 2.3 Fighting
 + Level 6.3 Slings
 - Level 2.1 Dodging
 - Level 1.1 Stealth


You had one spell level left.
You didn't know any spells.
Your spell library was empty.

Dungeon Overview and Level Annotations

Branches:
Dungeon (1/15)

Altars:


Innate Abilities, Weirdness & Mutations

You are small and have problems with some larger weapons.
You are somewhat resistant to further mutation.


Message History

You hit the kobold.
You kill the kobold!
You hit the leopard gecko but do no damage.
The leopard gecko closely misses you.
You hit the leopard gecko.
The leopard gecko is moderately wounded.
The leopard gecko bites you.
* * * LOW HITPOINT WARNING * * *
You hit the leopard gecko.
The leopard gecko is heavily wounded.
The leopard gecko barely misses you. The leopard gecko bites you.
* * * LOW HITPOINT WARNING * * *
You hit the leopard gecko but do no damage.
The leopard gecko is heavily wounded.
The leopard gecko bites you.
* * * LOW HITPOINT WARNING * * *
You barely miss the leopard gecko.
The leopard gecko is heavily wounded.
The leopard gecko bites you.
You die...

#............ #............
#............ #............
+............ # #...=......#
...##...##'####
#.......#.#####.####
#####......l@....... .
#######.############# ..
........########
#.[#######.##.....###############
...........##.....'..............
#......###.##.....##########'####
##.###.###.####'### ###.### ...#
#.....# #.# #.....# ...# #†###.#
#.# #.....#


You could see a leopard gecko.

Vanquished Creatures
  3 leopard geckos (D:1)
  A giant cockroach (D:1)
  4 goblins (D:1)
  A hobgoblin (D:1)
  2 bats (D:1)
  A frilled lizard (D:1)
  A kobold (D:1)
  A rat (D:1)
14 creatures vanquished.

Notes
Turn   | Place    | Note
-------+----------+-------------------------------------------
     0 | D:1      | Faca the Halfling Hunter began the quest for the Orb.
     0 | D:1      | Reached XP level 1. HP: 14/14 MP: 1/1
    43 | D:1      | Reached skill level 6 in Slings
   345 | D:1      | Reached XP level 2. HP: 5/19 MP: 2/2
   969 | D:1      | HP: 1/20 [leopard gecko (2)]
   970 | D:1      | Slain by a leopard gecko

Levels and vault maps discovered:
D:1:      elethiomel_arrival_fortress_basement, layout_basic

Skill      XL: |  1 |
---------------+----+-----
Fighting       | 2 |  2.3
Slings         | 6 |  6.3
Dodging        | |  2.1
Stealth        | |  1.1

Action                   || total
-------------------------++-------
Melee: Short sword       ||    63
 Stab: Sleeping          ||     1
Armor: Leather armour    ||     6
Dodge: Dodged            ||    51

Table legend:
 A = Non-vault XP
 B = Vault XP
 C = Vault XP percentage of total XP
 D = Non-vault monster count
 E = Vault monster count
 F = Vault count percentage of total count
                 A         B        C        D         E       F
            +---------+---------+-------+---------+---------+-------
      Total |      23 |       1 |   4.2 |      13 |       1 |   7.1
            +---------+---------+-------+---------+---------+-------
        D:1 |      23 |       1 |   4.2 |      13 |       1 |   7.1
            +---------+---------+-------+---------+---------+-------
